 Seeded DCSS version 0.27.1-3-gb3d3a73c9e (webtiles) character file.

Game seed: 20211028 (custom seed)

63 jessy the Sneak (level 4, 0/29 HPs)
             Began as an Octopode Brigand on Oct 28, 2021.
             Was a Believer of Makhleb.
             Succumbed to an adder's poison
             ... on level 3 of the Dungeon on Oct 29, 2021.
             The game lasted 00:09:43 (2500 turns).

jessy the Sneak (Octopode Brigand)                  Turns: 2500, Time: 00:09:44

Health: 0/29       AC:  1    Str: 11    XL:     4   Next: 10%
Magic:  4/4        EV: 13    Int: 13    God:    Makhleb [**....]
Gold:   88         SH:  0    Dex: 19    Spells: 3/3 levels left

rFire    . . .     SeeInvis .   o - +1 short sword (holy)
rCold    . . .     Faith    .   (no shield)
rNeg     . . .     Spirit   .   (helmet restricted)
rPois    .         Reflect  .   (no amulet)
rElec    .         Harm     .   m - +6 ring of dexterity
rCorr    +         Rampage  .   u - ring of resist corrosion
Will     .....                  (no ring)
Stlth    +++++.....             (no ring)
HPRegen  0.09/turn              (no ring)
MPRegen  0.09/turn              (no ring)
                                (no ring)
                                (no ring)

@: lethally poisoned (0 -> -9)
A: almost no armour, amphibious, 8 rings, camouflage 1, gelatinous body 1,
(nimble swimmer 1), tentacles
a: Renounce Religion, Minor Destruction


You were on level 3 of the Dungeon.
You worshipped Makhleb.
Makhleb was pleased with you.
You visited 1 branch of the dungeon, and saw 3 of its levels.

You collected 88 gold pieces.

Inventory:

Hand Weapons
 a - a +2 dagger
 f - a +0 whip
 g - a -2 whip
 j - a +3 dagger
 o - a +1 short sword of holy wrath (weapon)
Missiles
 b - 8 poisoned darts (quivered)
 c - 2 curare-tipped darts
 e - 46 arrows
 i - 20 bolts
 n - 7 boomerangs
Jewellery
 m - a +6 ring of dexterity (left tentacle)
 u - a ring of resist corrosion (right tentacle)
Wands
 r - a wand of acid (10)
Scrolls
 d - a scroll of enchant weapon {unknown}
 k - a scroll of immolation {unknown}
 q - a scroll of identify {unknown}
 t - a scroll of amnesia {unknown}
Potions
 h - 3 potions of curing
 l - a potion of heal wounds {unknown}
 p - a potion of ambrosia {unknown}
 s - a potion of might {unknown}


   Skills:
 + Level 2.1 Fighting
 + Level 2.0 Short Blades
 + Level 0.8 Maces & Flails
 + Level 2.0 Throwing
 + Level 1.2 Dodging
 + Level 7.2 Stealth


You had 3 spell levels left.
You didn't know any spells.
Your spell library contained the following spells:

 Spells                   Type           Power      Damage    Failure   Level
 Gell's Gravitas          Tloc           0%         N/A       67%         3
 Teleport Other           Tloc           0%         N/A       67%         3
 Dispersal                Tloc           0%         N/A       100%        6


Dungeon Overview and Level Annotations

Branches:
Dungeon (3/15)

Altars:
Makhleb


Innate Abilities, Weirdness & Mutations

You cannot wear most types of armour.
You are amphibious.
You can wear up to eight rings at the same time.
Your skin changes colour to match your surroundings (Stealth+).
Your rubbery body absorbs attacks. (AC +1, EV +1)
((You are camouflaged near water. (Stealth+)))
You have tentacles for arms and can constrict up to eight enemies at once.


Message History

There are no items here.
u - a ring of resist corrosion (right tentacle)
The kobold shouts!
The adder hisses angrily.
You closely miss the kobold. Your grab misses the kobold.
The kobold misses you. The adder barely misses you.
You hit the kobold.
You kill the kobold!
Makhleb accepts your kill. The adder barely misses you.
The adder closely misses you.
Things that are here:
a +0 whip; a kobold corpse The adder misses you.
The adder bites you.
You are poisoned.
The adder poisons you!
You feel sick. The adder bites you.
You barely miss the adder. Your grab misses the adder.
You feel sick. The adder closely misses you.
You closely miss the adder. Your grab misses the adder.
You feel sick. The adder bites you. x2
You hit the adder. Your grab misses the adder.
The adder is lightly wounded.
You feel sick. The adder bites you.
You are more poisoned.
The adder poisons you!
You barely miss the adder. Your grab misses the adder.
The adder is lightly wounded.
You feel sick. The adder bites you.
You are lethally poisoned!
The adder poisons you!
You barely miss the adder. Your grab misses the adder.
The adder is lightly wounded.
* * * LOW HITPOINT WARNING * * *
You feel very sick. The adder bites you.
* * * LOW HITPOINT WARNING * * *
The adder closely misses you.
* * * LOW HITPOINT WARNING * * *
You feel sick.
You die...

##....###.......##
#....†.#........##
#..#.#.#######...###
#......# #†...†.
#....### #######
#.)..# #..S.# #....#
#..@.# #....# ####.#
.. ... .### .# .#


You could see an adder.

Vanquished Creatures
  An adder (D:2)
  2 dart slugs (D:2)
  5 bats
  4 endoplasms
  4 giant cockroaches
  7 goblins
  5 hobgoblins
  4 kobolds
  2 quokkas (D:2)
  7 ball pythons
  6 frilled lizards
  2 rats
49 creatures vanquished.

Notes
Turn   | Place    | Note
-------+----------+-------------------------------------------
     0 | D:1      | jessy the Octopode Brigand began the quest for the Orb.
     0 | D:1      | Reached XP level 1. HP: 14/14 MP: 1/1
    77 | D:1      | Found a faded altar of an unknown god.
   103 | D:1      | Reached XP level 2. HP: 5/19 MP: 2/2
   334 | D:1      | Became a worshipper of Makhleb the Destroyer
   334 | D:1      | Reached * piety under Makhleb
   373 | D:1      | Reached skill level 6 in Stealth
  1424 | D:1      | Reached XP level 3. HP: 15/24 MP: 3/3
  1742 | D:2      | Reached skill level 7 in Stealth
  1756 | D:2      | Reached ** piety under Makhleb
  2311 | D:3      | Reached XP level 4. HP: 29/29 MP: 4/4
  2500 | D:3      | Succumbed to an adder's poison

Illustrated notes

Levels and vault maps discovered:
D:1:      kennysheep_arrival_forest, layout_basic,
          ebering_ecumenical_altar_rust, lemuel_another_geyser
D:2:      layout_basic
D:3:      kb_forest_paths, layout_basic, nzn_wu_jian_council_hall

Skill      XL: |  1  2  3 |
---------------+----------+-----
Stealth        | 6 7 |  7.2
Fighting       | |  2.1
Short Blades   | |  2.0
Maces & Flails | |  0.8
Throwing       | |  2.0
Dodging        | |  1.2

Action                   |  1- 3 |  4- 6 || total
-------------------------+-------+-------++-------
Melee: Whip              |    55 |       ||    55
       Dagger            |     3 |       ||     3
       Constrict         |    21 |       ||    21
       Tentacles         |    13 |       ||    13
       Short sword       |    10 |    13 ||    23
  Use: Potion            |     1 |       ||     1
 Stab: Sleeping          |    16 |     5 ||    21
Armor: Skin              |    12 |       ||    12
Dodge: Dodged            |    59 |     7 ||    66
